AoeStats
← Aloy ZzZ

Hill Fort

505341624Analyzed
2v2 RM · 23d ago on Sep 8, 2026· 49m 27s· 4 players
Game mode
Random Map
Map size
Medium (4 player)
Population
200
Speed
Normal
Resources
Standard
Victory
Conquest
Starting age
Dark Age
Ending age
Imperial Age
RankedLock teamsTeams togetherTeam positionsShared explorationLock speedFull tech treeHidden civsTurbo modeCheats
Victory
Defeat
🇲🇽 Koreans · Mexico
1091
+15
🇺🇸 Ethiopians · United States
1088
+16
🇨🇱 Bulgarians · Chile
1198
-20
🇨🇱 Lithuanians · Chile
958
-35
GNEISS
7:09 Loom
9:34 Feudal Age
16:02 Forging
17:49 Double-Bit Axe
22:21 Castle Age
20:38 Horse Collar
21:08 Scale Barding Armor
21:04 Gold Mining
22:02 Bloodlines
24:12 Iron Casting
27:05 Heavy Plow
27:39 Husbandry
27:47 Town Watch
29:47 Chain Barding Armor
38:10 Imperial Age
40:16 Blast Furnace
41:36 Plate Barding Armor
48:19 Scale Mail Armor
49:03 Gold Shaft Mining
48:32 Fletching
Aloy ZzZ
11:32 Feudal Age
13:33 Double-Bit Axe
13:31 Horse Collar
13:15 Man-at-Arms
14:41 Wheelbarrow
15:03 Gold Mining
16:04 Arson
17:44 Forging
19:43 Scale Mail Armor
20:28 Scale Barding Armor
26:28 Castle Age
29:33 Iron Casting
28:23 Long Swordsman
29:52 Husbandry
30:08 Bloodlines
31:21 Chain Barding Armor
35:09 Squires
35:14 Heavy Plow
45:49 Hand Cart
IvanWintergreen
8:12 Loom
10:43 Feudal Age
11:17 Double-Bit Axe
13:09 Wheelbarrow
16:45 Castle Age
17:52 Fletching
19:18 Bodkin Arrow
19:55 Horse Collar
23:55 Hand Cart
24:03 Crossbowman
24:47 Padded Archer Armor
28:08 Thumb Ring
33:19 Imperial Age
31:44 Leather Archer Armor
31:46 Town Watch
34:19 Bracer
35:06 Bow Saw
36:09 Ballistics
37:38 Arbalester
38:15 Halberdier
40:15 Chemistry
39:31 Scale Mail Armor
43:54 Chain Mail Armor
43:45 Squires
49:16 Two-Man Saw
48:11 Gold Mining
DrJorgexx
2:27 Loom
12:26 Feudal Age
13:23 Horse Collar
15:10 Fletching
19:42 Castle Age
18:18 Double-Bit Axe
19:32 Stone Mining
20:43 Gold Mining
21:39 Scale Mail Armor
22:16 Gambesons
22:54 Squires
25:09 Wheelbarrow
25:16 Town Watch
26:44 Chain Mail Armor
28:08 Forging
30:03 Iron Casting
31:58 Hand Cart
34:09 Gold Shaft Mining
34:27 Heavy Plow
35:11 Town Patrol
38:59 Imperial Age
38:05 Bow Saw
39:05 Elite Fire Lancer
39:31 Arson
40:19 Plate Mail Armor
40:26 Conscription
39:41 Capped Ram
45:04 Elite War Wagon
45:44 Bodkin Arrow
47:35 Two-Man Saw
49:22 Ballistics
50:03 Chemistry
Connection lost

Rejoining the realm…

Still unreachable

The connection could not be restored.

Session expired

The server has moved on; the page needs a fresh start.